 Dungeon Crawl Stone Soup version 0.22.0 (webtiles) character file.

1054 CyclopB the Martial Artist (level 8, -2/52 HPs)
             Began as an Octopode Monk on Jan 21, 2019.
             Slain by an ice beast (9 damage)
             ... on level 5 of the Dungeon.
             The game lasted 00:11:41 (5511 turns).

CyclopB the Martial Artist (Octopode Monk)          Turns: 5511, Time: 00:11:42

Health: -2/52      AC:  1    Str: 10    XL:     8   Next: 26%
Magic:  8/8        EV: 14    Int: 13    God:
Gold:   289        SH:  0    Dex: 16    Spells: 7/7 levels left

rFire    . . .     SeeInvis .     - Unarmed
rCold    . . .     Gourm    .   (no shield)
rNeg     + . .     Faith    .   (helmet restricted)
rPois    .         Spirit   .   (no amulet)
rElec    .         Reflect  .   l - ring of positive energy
rCorr    .         Harm     .   (no ring)
MR       .....                  (no ring)
Stlth    +++.......             (no ring)
HPRegen  0.17/turn              (no ring)
MPRegen  0.11/turn              (no ring)
                                (no ring)
                                (no ring)

@: starving
A: almost no armour, stealthy swim, amphibious, 8 rings, constrict 8, camouflage
1, gelatinous body 1
a: no special abilities


You were on level 5 of the Dungeon.
You were starving.

You visited 1 branch of the dungeon, and saw 5 of its levels.

You collected 289 gold pieces.

Inventory:

Missiles
 d - 228 stones (quivered)
 m - 114 arrows
 x - 4 tomahawks
 y - 53 bolts
Jewellery
 h - an uncursed amulet of faith
 l - a ring of positive energy (left tentacle)
Wands
 o - a wand of random effects (14)
Scrolls
 c - 4 scrolls of identify
 e - 2 scrolls of teleportation {unknown}
 f - a scroll of noise
 g - a scroll of amnesia {unknown}
 i - 2 scrolls of remove curse
 q - a scroll of blinking {unknown}
 t - 4 scrolls of magic mapping {unknown}
 u - 3 scrolls of immolation
 v - a scroll of fog {unknown}
 D - a scroll of fear {unknown}
Potions
 b - 2 potions of might
 j - 4 potions of berserk rage
 k - a potion of lignification {unknown}
 n - 2 potions of resistance {unknown}
 p - a potion of cancellation {unknown}
 r - a potion of flight {unknown}
 s - a potion of invisibility {unknown}
 w - 3 potions of heal wounds {unknown}
 z - 2 potions of degeneration {unknown}
 A - a potion of haste {unknown}
 B - a potion of ambrosia {unknown}
 C - a potion of agility {unknown}
Comestibles
 a - 9 rations


   Skills:
 - Level 3.0 Fighting
 - Level 3.0 Dodging
 - Level 2.6 Stealth
 + Level 9.9 Unarmed Combat


You had 7 spell levels left.
You didn't know any spells.
Your spell library was empty.

Dungeon Overview and Level Annotations

Branches:
Dungeon (5/15)
 Temple: D:4-7

Altars:
Cheibriados
Dithmenos
Fedhas
Hepliaklqana
Makhleb
Nemelex Xobeh
Ru
Sif Muna
Xom
Zin


Innate Abilities, Weirdness & Mutations

You cannot wear most types of armour.
You are very stealthy in the water. (Stealth+)
You are amphibious.
You can wear up to eight rings at the same time.
You can use your tentacles to constrict eight enemies at once.
Your skin changes colour to match your surroundings (Stealth+).
Your rubbery body absorbs attacks. (AC +1, EV +1)


Message History

You closely miss the ice beast. Your squeeze misses the ice beast.
The ice beast is moderately wounded.
The ice beast hits you. The ice beast freezes you!
You are starving!
Unknown command.
Unknown command.
As you read the scroll labeled OKUER REESEC, it crumbles to dust.
The creatures around you are filled with an inner flame!
It was a scroll of immolation.
The ice beast hits you. The ice beast freezes you!
As you read the scroll labeled NONOCI JAWK, it crumbles to dust.
You feel blessed for a moment.
It was a scroll of remove curse.
The ice beast hits you. The ice beast freezes you!
* * * LOW HITPOINT WARNING * * *
As you read the scroll labeled GEVVIXTERPHE, it crumbles to dust.
You hear a loud clanging noise!
It was a scroll of noise.
The ice beast hits you.
* * * LOW HITPOINT WARNING * * *
The ice beast freezes you!
You die...

#.####.#.##....###.# ###### #.#
#.#.##....#...# #....# # #.#
#.#.......#.#### #.##.### ## #.#
#.###.<........# #.#...## .#
#.####.......#..###.# #.#...## .#
#......###..##..#.#.# #.#...##
.###.####.###..#.[...#.# #.#...##
...............##.##.#.# #.##.###
###.....#.###..<@Y.....###.##.###
##.####............#.........##
####.................#.........##
.....####.#..........#..##.###.##
.....# #............#...........
.....####[...#.###.#.#..#...>..##
...........#.#.###.#.#..###.####
.....#######.#.....#.#..###.#####
..[.....#....###................#


You could see an ice beast (inner flame).

Vanquished Creatures
  Grinder (D:4)
  Eustachio (D:4)
  A sky beast (D:5)
  2 scorpions (D:5)
  A howler monkey (D:4)
  2 crimson imps (D:5)
  A bullfrog skeleton (D:5)
  6 orc wizards
  2 orc priests
  A worker ant (D:2)
  A worker ant zombie (D:5)
  3 adders
  4 worms
  4 dart slugs
  4 leopard geckos
  11 orcs
  5 giant cockroaches
  13 hobgoblins
  4 jackals (D:3)
  6 kobolds
  3 quokkas
  A ball python (D:1)
  5 bats
  4 frilled lizards
  7 goblins
  A jackal skeleton (D:4)
  4 rats
98 creatures vanquished.

Notes
Turn   | Place    | Note
-------+----------+-------------------------------------------
     0 | D:1      | CyclopB the Octopode Monk began the quest for the Orb.
     0 | D:1      | Reached XP level 1. HP: 16/16 MP: 1/1
   117 | D:1      | Reached XP level 2. HP: 18/21 MP: 2/2
   380 | D:1      | Reached skill level 4 in Unarmed Combat
   625 | D:1      | Reached XP level 3. HP: 26/26 MP: 3/3
  1535 | D:2      | Reached XP level 4. HP: 25/31 MP: 4/4
  1551 | D:2      | Reached skill level 5 in Unarmed Combat
  1652 | D:2      | Found a shimmering altar of Xom.
  1653 | D:2      | Found a burning altar of Makhleb.
  2701 | D:3      | Reached XP level 5. HP: 34/36 MP: 5/5
  2722 | D:3      | Found a deep blue altar of Sif Muna.
  2758 | D:3      | Reached skill level 6 in Unarmed Combat
  3332 | D:4      | Noticed Eustachio
  3338 | D:4      | Killed Eustachio
  3338 | D:4      | Reached skill level 7 in Unarmed Combat
  3338 | D:4      | Reached XP level 6. HP: 41/42 MP: 6/6
  3895 | D:4      | Found a sparkling altar of Nemelex Xobeh.
  3897 | D:4      | Found a hazy altar of Hepliaklqana.
  3899 | D:4      | Found a glowing silver altar of Zin.
  3899 | D:4      | Found a blossoming altar of Fedhas.
  3903 | D:4      | Noticed Grinder
  3914 | D:4      | Killed Grinder
  3914 | D:4      | Reached skill level 8 in Unarmed Combat
  3914 | D:4      | Reached XP level 7. HP: 38/46 MP: 7/7
  4001 | D:4      | Found a shadowy altar of Dithmenos.
  4115 | D:4      | Found a snail-covered altar of Cheibriados.
  4301 | D:5      | Entered Level 5 of the Dungeon
  4462 | D:5      | Reached skill level 9 in Unarmed Combat
  4709 | D:5      | Reached XP level 8. HP: 47/52 MP: 8/8
  4979 | D:5      | Found a sacrificial altar of Ru.
  5511 | D:5      | Slain by an ice beast

Skill      XL: |  1  2  3  4  5  6  7 |
---------------+----------------------+-----
Unarmed Combat | 4 5 7 8 9 |  9.9
Fighting       | |  3.0
Dodging        | |  3.0
Stealth        | |  2.6

Action                   |  1- 3 |  4- 6 |  7- 9 || total
-------------------------+-------+-------+-------++-------
Melee: Unarmed           |    54 |    95 |    59 ||   208
       Constrict         |    17 |    27 |    15 ||    59
       Tentacles         |    15 |    19 |    12 ||    46
       Punch             |     1 |     5 |     7 ||    13
Throw: Stone             |       |    14 |     1 ||    15
  Use: Scroll            |       |     2 |     3 ||     5
       Potion            |       |     1 |       ||     1
 Stab: Sleeping          |    16 |     9 |     5 ||    30
  Eat: Chunk             |     1 |     7 |     4 ||    12
Armor: Skin              |     2 |     3 |     1 ||     6
Dodge: Dodged            |    20 |    55 |    26 ||   101
